 Dungeon Crawl Stone Soup version 0.22.1-2-g9c5b331 (webtiles) character file.

262011 Monzz the Warrior (level 19, -1/241 HPs)
             Began as a Hill Orc Monk on Jan 4, 2019.
             Was a High Priest of Beogh.
             Slain by a sun demon (3 damage)
             ... on level 4 of the Abyss on Jan 5, 2019.
             The game lasted 05:19:49 (41997 turns).

Monzz the Warrior (Hill Orc Monk)                  Turns: 41997, Time: 05:19:50

Health: -1/241     AC: 33    Str: 31    XL:     19   Next: 98%
Magic:  27/31      EV: 19    Int:  7    God:    Beogh [*****.]
Gold:   2971       SH:  0    Dex: 18    Spells: 25/32 levels left

rFire    + + +     SeeInvis +   z - +9 trident of Generosity {speed, +Inv}
rCold    + + +     Gourm    .   (no shield)
rNeg     + . .     Faith    .   u - +6 plate armour "Rasut" {+Inv}
rPois    .         Spirit   .   r - +3 crown of Dyrovepreva {rElec Int+2 SInv}
rElec    +         Reflect  .   L - scarf {rC+ rF+}
rCorr    .         Harm     .   V - +2 pair of gloves
MR       +++..                  h - +0 pair of boots "Etafoer" {rF++ MR+ Str+4 Int-4}
Stlth    ..........             e - amulet of regeneration
HPRegen  0.00/turn              S - ring of Qerucsok {rC++ Int-4 Stlth+}
MPRegen  0.22/turn              w - ring of the Duke {rN+ MR+ Int+3}

@: agile, berserking, about to teleport, non-regenerating, diseased, very quick
A: walk on water, beak, frail 1, shaggy fur 1, wild magic 1
}: 2/15 runes: barnacled, gossamer
a: Smiting, Recall Orcish Followers, Give Item to Named Follower, Renounce
Religion, Evoke Invisibility


You were on level 4 of the Abyss.
You worshipped Beogh.
Beogh was extremely pleased with you.
You were not hungry.

You visited 7 branches of the dungeon, and saw 36 of its levels.
You visited the Abyss 1 time.
You visited 1 bazaar.
You also visited: Ossuary, Bailey and Volcano.

You collected 3902 gold pieces.
You spent 931 gold pieces at shops.

Inventory:

Hand Weapons
 m - a +4 glaive
 z - the +9 trident of Generosity (weapon) {speed, +Inv}
   (You found it on level 6 of the Dungeon)

   Attacks with this weapon are significantly faster.
   It lets you turn invisible.
 C - the +1 spear "Wigrioqi" {antimagic, Str+2 Int+4}
   (You found it on level 5 of the Dungeon)

   It reduces the magical energy of the wielder, and disrupts the spells and
   magical abilities of those hit.
   Natural abilities and divine invocations are not affected.
   It affects your strength (+2).
   It affects your intelligence (+4).
 O - a +5 bardiche of flaming
Missiles
 n - 40 tomahawks of returning (quivered)
Armour
 h - the +0 pair of boots "Etafoer" (worn) {rF++ MR+ Str+4 Int-4}
   (You found it on level 12 of the Dungeon)

   It affects your strength (+4).
   It affects your intelligence (-4).
   It greatly protects you from fire.
   It affects your resistance to hostile enchantments.
 r - the +3 crown of Dyrovepreva (worn) {rElec Int+2 SInv}
   (You acquired it on level 6 of the Dungeon)

   It affects your intelligence (+2).
   It insulates you from electricity.
   It lets you see invisible.
 u - the +6 plate armour "Rasut" (worn) {+Inv}
   (You bought it in a shop in a bazaar)

   It lets you turn invisible.
 L - a scarf of resistance (worn)
 V - a +2 pair of gloves (worn)
 Y - a +2 cloak of poison resistance
Jewellery
 a - an uncursed ring of positive energy
 e - an amulet of regeneration (around neck)
 f - an uncursed ring of protection from fire
 w - the ring of the Duke (right hand) {rN+ MR+ Int+3}
   (You found it on level 4 of the Shoals)

   [ring of protection from magic]

   It affects your intelligence (+3).
   It protects you from negative energy.
   It affects your resistance to hostile enchantments.
 A - an uncursed ring of resist corrosion
 B - a +4 ring of intelligence
 S - the ring of Qerucsok (left hand) {rC++ Int-4 Stlth+}
   (You found it on level 4 of the Shoals)

   [ring of stealth]

   It affects your intelligence (-4).
   It greatly protects you from cold.
   It makes you more stealthy.
 T - an uncursed ring of see invisible
 U - an uncursed ring of ice {unknown}
 X - the ring of Existentialism {rC- MR+ Str+4 Int+6}
   (You acquired it on level 4 of the Depths)

   [ring of strength]

   It affects your strength (+4).
   It affects your intelligence (+6).
   It makes you vulnerable to cold.
   It affects your resistance to hostile enchantments.
Wands
 l - a wand of enslavement (8)
 y - a wand of digging (48)
 H - a wand of polymorph (32)
 I - a wand of paralysis (23)
 J - a wand of disintegration (4)
 M - a wand of clouds (3)
Scrolls
 b - a scroll of holy word {unknown}
 d - 5 scrolls of identify
 i - 26 scrolls of remove curse
 j - 6 scrolls of teleportation
 F - a scroll of silence
 G - 2 scrolls of fog
 Q - 7 scrolls of magic mapping
 W - 5 scrolls of fear
Potions
 g - 5 potions of lignification
 k - 2 potions of brilliance
 p - 2 potions of resistance
 q - 6 potions of flight
 s - 3 potions of curing
 t - 4 potions of mutation
 v - 4 potions of might
 D - a potion of berserk rage
 E - 3 potions of cancellation
 N - 3 potions of agility
 R - 4 potions of haste
 Z - 5 potions of ambrosia
Miscellaneous
 P - a fan of gales
Comestibles
 c - 51 rations


   Skills:
 + Level 18.1 Fighting
   Level 8.5(15.3) Axes
 + Level 17.0(17.5) Polearms
 + Level 16.6 Armour
 * Level 8.1 Dodging
 - Level 2.3 Stealth
 + Level 7.0 Spellcasting
 + Level 7.8 Translocations
 + Level 16.4 Invocations
 - Level 9.0 Evocations


You had 25 spell levels left.
You knew the following spells:

 Your Spells              Type           Power        Failure   Level  Hunger
a - Regeneration          Chrm/Necr      #.........   98%         3    ###....
b - Blink                 Tloc           N/A          10%         2    ##.....
c - Swiftness             Chrm/Air       #.......     89%         2    ##.....

Your spell library contained the following spells:

 Spells                   Type           Power        Failure   Level  Hunger
 Apportation              Tloc           ###...       7%          1    #......
 Lesser Beckoning         Tloc           ###.......   19%         3    ###....
 Shroud of Golubria       Chrm/Tloc      ##........   41%         2    ##.....
 Passage of Golubria      Tloc           N/A          47%         4    #####..
 Portal Projectile        Hex/Tloc       ##....       63%         3    ###....
 Animate Skeleton         Necr           N/A          78%         1    #......
 Corona                   Hex            #......      78%         1    #......
 Flame Tongue             Conj/Fire      #....        78%         1    #......
 Infusion                 Chrm           #...         78%         1    #......
 Magic Dart               Conj           #...         78%         1    #......
 Pain                     Necr           #...         78%         1    #......
 Summon Butterflies       Summ           #.......     78%         1    #......
 Call Imp                 Summ           #.......     89%         2    ##.....
 Passwall                 Tmut/Erth      #.......     89%         2    ##.....
 Poisonous Vapours        Pois/Air       #.....       89%         2    ##.....
 Slow                     Hex            #.......     89%         2    ##.....
 Song of Slaying          Chrm           #.......     89%         2    ##.....
 Throw Flame              Conj/Fire      #.....       89%         2    ##.....
 Call Canine Familiar     Summ           #.......     98%         3    ###....
 Conjure Flame            Conj/Fire      #.......     98%         3    ###....
 Inner Flame              Hex/Fire       #.......     98%         3    ###....
 Mephitic Cloud           Conj/Pois/Air  #.......     98%         3    ###....
 Spectral Weapon          Hex/Chrm       #.......     98%         3    ###....
 Tukima's Dance           Hex            #.......     98%         3    ###....
 Vampiric Draining        Necr           #.........   98%         3    ###....
 Animate Dead             Necr           N/A          100%        4    #####..
 Cause Fear               Hex            #.........   100%        4    #####..
 Leda's Liquefaction      Hex/Erth       #.........   100%        4    #####..
 Sticky Flame             Conj/Fire      #.......     100%        4    #####..
 Summon Ice Beast         Ice/Summ       #.......     100%        4    #####..
 Summon Lightning Spire   Summ/Air       #.......     100%        4    #####..
 Alistair's Intoxication  Tmut/Pois      #.......     100%        5    ######.
 Bolt of Magma            Conj/Fire/Erth #.........   100%        5    ######.
 Fireball                 Conj/Fire      #.........   100%        5    ######.
 Iskenderun's Battlesphe  Conj/Chrm      #.......     100%        5    ######.
 Lee's Rapid Deconstruct  Erth           #.........   100%        5    ######.
 Silence                  Hex/Air        #.........   100%        5    ######.
 Summon Mana Viper        Hex/Summ       #.......     100%        5    ######.
 Venom Bolt               Conj/Pois      #.........   100%        5    ######.
 Conjure Ball Lightning   Conj/Air       #.........   100%        6    #######
 Darkness                 Hex            #.........   100%        6    #######
 Deflect Missiles         Chrm/Air       #.........   100%        6    #######
 Freezing Cloud           Conj/Ice/Air   #.........   100%        6    #######
 Invisibility             Hex            #.......     100%        6    #######
 Iron Shot                Conj/Erth      #.........   100%        6    #######
 Orb of Destruction       Conj           #.........   100%        7    #######
 Ring of Flames           Chrm/Fire      #.........   100%        7    #######
 Spellforged Servitor     Conj/Summ      #.........   100%        7    #######
 Summon Hydra             Summ           #.........   100%        7    #######
 Tornado                  Air            #.........   100%        9    #######


Dungeon Overview and Level Annotations

Branches:
Dungeon (15/15)            Temple (0/1) D:5            Lair (6/6) D:11
 Shoals (4/4) Lair:4       Spider (4/4) Lair:4        Slime (0/5) Lair:5
    Orc (2/2) D:11            Elf (1/3) Orc:2        Vaults (0/5) D:13
 Depths (4/5) D:15

Altars:
Gozag
Nemelex Xobeh
Ru
Trog
Vehumet
Wu Jian
Xom
Zin
Lugonu

Shops:
D:4 :   D:11 *   D:14 *   D:15 *[*   Orc:2 *%%[((

Portals:
Hell: Depths:1 Depths:2 Depths:3 Depths:4
Abyss: Depths:3 Depths:4
Pandemonium: Depths:2 Depths:3

Annotations:
Lair:2 2 transporters, emiel's ghost, journeyman GnIE
Lair:4 exclusion: oklob plant
Spider:4 1 runed door, bmj180's ghost, adept MiMo
Depths:4 2 runed doors, exclusion: 2 doors


Innate Abilities, Weirdness & Mutations

You can walk on water.
You have a beak for a mouth.
You are frail. (-10% HP)
You are covered in fur. (AC +1)
Your spells are a little harder to cast, but a little more powerful.


Message History

The sun demon hits you but does no damage.
A spatial vortex comes into view.
The raiju misses you.
You impale the raiju!!
The raiju is heavily wounded.
The guardian serpent casts a spell.
The spatial vortex blinks!
The naga blinks!
The ancient zyme completely misses you. The ancient zyme closely misses you.
The raiju misses you.
You miss the raiju. Your peck misses the raiju.
The raiju is heavily wounded.
You hit the raiju. You peck the raiju!
You kill the raiju!
Beogh accepts your kill. The guardian serpent hits you.
* * * LOW HITPOINT WARNING * * *
The sun demon hits you!
* * * LOW HITPOINT WARNING * * *
You are engulfed in flames.
You resist.
You die...

##.... ... ......
...### # ......
...#.#v N
#.#...###...N.## .
.......#......#...
........wN.#....# ..
.#....3hx│..#v.#.v..
#......@S│§...# .
.##...vN#†X........
..#...# #│.##.. .
#.$..... ...#. #
#.... .....§# .##...
. ...#.# #....
..#### #........ #
#... . .. #


You could see a tentacled starspawn, a sun demon, 3 spatial vortices, an ancient
zyme, a guardian serpent, a raiju, 3 nagas and a starspawn tentacle.

Vanquished Creatures
  A quicksilver dragon (Depths:4)
  3 tentacled starspawn
  Ilsuiw (Shoals:3)
  A fire giant (Depths:3)
  2 emperor scorpions
  2 spriggan defenders
  8 stone giants
  6 very ugly things
  A vampire knight (Depths:1)
  A slime creature (Depths:4)
  5 spark wasps
  An eidolon (Abyss:3)
  2 ettins
  3 fire dragons
  4 merfolk impalers
  3 yaktaur captains
  3 rakshasas
  2 great orbs of eyes
  Harold (D:7)
  2 merfolk avatars
  3 ice dragons
  A hydra (Lair:6)
  A spriggan air mage (Depths:4)
  An alligator snapping turtle (Shoals:4)
  2 merfolk aquamancers
  4 two-headed ogres
  4 ogre magi
  2 death yaks
  4 centaur warriors
  A deep troll shaman (Depths:4)
  3 hell hogs (Abyss:1)
  An orc high priest (Orc:2)
  A satyr (Shoals:3)
  2 deep troll earth magi (Depths:1)
  6 spriggan berserkers
  2 vampire magi (Depths:2)
  A hell knight (Depths:2)
  A thrashing horror (Abyss:3)
  A wretched star (Abyss:4)
  3 sixfirhies
  An iron troll (Depths:4)
  4 skeletal warriors (D:13)
  A glowing orange brain (Depths:4)
  5 deep trolls
  An unseen horror (D:12)
  2 sea snakes
  2 lindwurms
  A phantasmal warrior (Depths:1)
  5 harpies
  2 orc sorcerers (Orc:2)
  2 deep elf magi
  12 ugly things
  4 orb spiders
  A mana viper (Depths:4)
  2 moths of wrath
  A cyclops (Shoals:2)
  A cyclops (shapeshifter) (Depths:2)
  5 wolf spiders
  5 manticores
  A faun (Shoals:3)
  3 salamanders (Volcano)
  2 worldbinders (Abyss:3)
  2 black mambas (Lair:6)
  4 merfolk sirens
  7 large abominations
  4 water nymphs
  2 smoke demons
  A torpor snail (Lair:6)
  A komodo dragon (D:11)
  A spiny frog (Lair:2)
  2 rime drakes
  8 yaktaurs
  An elf skeleton (Depths:3)
  An ancient zyme (Abyss:4)
  4 demonic crawlers
  A hellwing (Abyss:3)
  9 jumping spiders
  2 tyrant leeches (Lair:6)
  6 trolls
  A meliai (Spider:1)
  A fire dragon zombie (Depths:1)
  11 merfolk
  2 wind drakes (Shoals:4)
  2 small abominations
  3 blink frogs
  2 hornets
  A snapping turtle (Shoals:4)
  10 raiju
  Prince Ribbit (D:6)
  A fire giant simulacrum (Depths:1)
  6 dream sheep
  3 hippogriffs
  23 redbacks
  A ynoxinul (Abyss:1)
  3 spriggans
  6 tarantellas
  7 wyverns (Volcano)
  20 yaks
  A spriggan (shapeshifter) (Depths:4)
  10 water elementals
  A wraith (Abyss:3)
  A fire elemental (D:15)
  5 fire bats (Volcano)
  2 basilisks
  A chaos spawn (Abyss:3)
  Grum (D:8)
  Menkaure (D:7)
  3 neqoxecs
  4 steam dragons
  A warg (Orc:2)
  6 vampire mosquitoes
  A tengu zombie (Depths:1)
  2 acid dragons
  A hell hound (D:15)
  A water moccasin (Lair:6)
  7 orc warriors
  A hornet zombie (D:6)
  6 ice beasts
  3 sky beasts
  3 eyes of draining
  2 swamp drakes (Lair:6)
  2 necrophages
  8 ogres
  3 wolves
  9 centaurs
  5 crocodiles
  6 bullfrogs
  A gnoll sergeant (D:8)
  2 scorpions
  A water moccasin skeleton (D:4)
  11 killer bees
  8 wights
  2 electric eels (Spider:1)
  2 centaur zombies
  4 crimson imps
  14 starcursed masses
  5 jellies
  7 hounds
  3 human zombies (Ossuary)
  3 orc priests
  4 bullfrog skeletons
  4 centaur skeletons
  Terence (D:2)
  Jessica (D:2)
  4 iguanas
  8 orc wizards
  A hell rat (Lair:1)
  7 worker ants
  A hound skeleton (D:5)
  3 mummies (Ossuary)
  4 gnolls
  A river rat (Lair:1)
  2 worker ant zombies
  10 adders
  3 shadow imps
  An ooze (D:4)
  An adder skeleton (D:5)
  A worm (shapeshifter) (Depths:3)
  4 leopard geckos
  37 orcs
  2 ball pythons
  3 bats
  6 giant cockroaches
  10 goblins
  6 hobgoblins
  23 kobolds
  3 quokkas
  A ball python skeleton (D:4)
  7 frilled lizards
  2 gnoll zombies (Ossuary)
  A goblin zombie (Ossuary)
  A hobgoblin zombie (Ossuary)
  A jackal skeleton (D:5)
  3 jackal zombies
  A leopard gecko zombie (D:4)
  A quokka skeleton (D:6)
  5 rats
  A fungus (Lair:5)
  4 plants
658 creatures vanquished.

Vanquished Creatures (collateral kills)
  A golden dragon (Depths:3)
  Nikola (Shoals:1)
  A quicksilver dragon (Depths:4)
  Polyphemus (Shoals:3)
  Gastronok (D:10)
  A sphinx (Depths:2)
  2 tengu reavers (Depths:3)
  3 frost giants
  2 fire giants
  3 ghost moths
  A balrug (Depths:3)
  A deep elf elementalist (Depths:2)
  7 emperor scorpions
  9 stone giants
  2 very ugly things
  3 vampire knights
  9 spark wasps
  Azrael (D:15)
  6 ettins
  2 merfolk javelineers (Shoals:2)
  8 merfolk impalers (Shoals:4)
  7 fire dragons
  2 yaktaur captains (Depths:4)
  Josephine (Shoals:1)
  2 great orbs of eyes
  A hydra (D:12)
  A rakshasa (Depths:1)
  3 spriggan air magi
  3 catoblepae
  An alligator snapping turtle (Shoals:4)
  An ice dragon (Depths:4)
  5 centaur warriors
  2 merfolk aquamancers
  2 ogre magi
  10 death yaks
  A satyr (Shoals:4)
  13 two-headed ogres
  3 deep troll shamans
  2 deep troll earth magi
  4 spriggan berserkers
  An orc high priest (Orc:2)
  A thrashing horror (Abyss:1)
  2 hell knights (Depths:3)
  A skeletal warrior (D:13)
  3 sea snakes
  A golden dragon zombie (Depths:1)
  6 iron trolls
  3 unseen horrors
  7 deep trolls
  A spark wasp zombie (Depths:3)
  A swamp dragon (Lair:6)
  A glowing orange brain (Depths:2)
  3 flayed ghosts
  A lindwurm (Lair:6)
  A kraken simulacrum (Shoals:4)
  2 harpies (Shoals:3)
  A phantasmal warrior (Depths:1)
  20 ugly things
  3 mana vipers (Depths:4)
  19 wolf spiders
  2 necromancers
  6 orc knights (Depths:4)
  6 cyclopes
  15 orb spiders
  11 manticores
  A fire giant zombie (Depths:3)
  5 fauns
  A moth of wrath (Spider:4)
  8 elephants (Lair:6)
  A centaur zombie (D:13)
  8 merfolk sirens
  5 water nymphs
  A centaur skeleton (D:12)
  2 rust devils (Depths:3)
  A spiny frog (shapeshifter) (Abyss:1)
  4 black mambas
  An orange demon (Spider:4)
  3 spiny frogs
  3 gargoyles
  3 torpor snails (Lair:6)
  11 yaktaurs
  A spriggan skeleton (Depths:1)
  6 komodo dragons
  12 demonic crawlers
  A queen bee (Spider:1)
  13 tyrant leeches
  18 jumping spiders
  4 trolls
  A wind drake (shapeshifter) (Depths:1)
  4 red devils
  17 merfolk
  A polar bear (Lair:2)
  A meliai (Spider:1)
  3 hornets
  A wind drake (Shoals:4)
  9 dream sheep
  9 hippogriffs
  4 snapping turtles
  9 blink frogs
  52 redbacks
  A spriggan (Depths:1)
  An elf skeleton (Depths:3)
  13 tarantellas
  A shadow (D:15)
  32 yaks
  4 wraiths (Shoals:1)
  2 wyverns
  14 water elementals
  2 fire elementals
  A steam dragon (D:14)
  5 basilisks
  3 wargs (Orc:2)
  A swamp worm (Lair:6)
  13 water moccasins
  3 hell hounds (D:15)
  10 porcupines
  A swamp drake (Lair:6)
  13 orc warriors
  A sky beast (D:13)
  A necrophage (D:11)
  6 ogres
  10 centaurs
  10 crocodiles
  12 bullfrogs
  17 killer bees
  3 wights (D:15)
  3 howler monkeys (D:11)
  2 crimson imps
  An orc priest (Orc:2)
  A jelly (Lair:5)
  3 orc wizards
  A bullfrog skeleton (D:11)
  6 iguanas
  2 worker ants
  A hell rat (Lair:1)
  A worker ant zombie (D:11)
  3 adders
  9 river rats (Lair:1)
  2 oozes (Lair:5)
  5 leopard geckos
  12 orcs
  A goblin (Bailey)
  2 hobgoblins (Bailey)
  A quokka (D:11)
  2 frilled lizards (D:13)
  4 kobolds (Bailey)
  A rat (Lair:1)
  A bush (Lair:6)
  3 butterflies (Lair:3)
  32 fungi
  68 plants
  A tentacle (Shoals:4)
819 creatures vanquished.

Vanquished Creatures (others)
  3 orc warlords
  2 orc sorcerers
  A deep troll earth mage (Depths:3)
  16 orc knights
  2 fauns (Shoals:1)
  A torpor snail (Spider:2)
  A meliai (Spider:1)
  A small abomination (Abyss:3)
  19 orc warriors
  A crocodile (Volcano)
  7 orc wizards
  5 orc priests
  47 orcs
  10 fungi (Lair:6)
  88 plants
  18 starspawn tentacles
  2 tentacles (Shoals:4)
224 creatures vanquished.

Grand Total: 1701 creatures vanquished

Notes
Turn   | Place    | Note
-------+----------+-------------------------------------------
     0 | D:1      | Monzz the Hill Orc Monk began the quest for the Orb.
     0 | D:1      | Reached XP level 1. HP: 19/19 MP: 1/1
    12 | D:1      | Noticed an electric eel
   104 | D:1      | Reached XP level 2. HP: 12/27 MP: 2/2
   110 | D:1      | Reached skill level 1 in Armour
   343 | D:1      | Reached skill level 4 in Fighting
   600 | D:2      | Noticed Terence
   639 | D:2      | Reached XP level 3. HP: 33/33 MP: 3/3
   749 | D:2      | Killed Terence
   831 | D:2      | Reached XP level 4. HP: 33/41 MP: 4/4
   881 | D:2      | Reached skill level 5 in Axes
  1047 | D:2      | Found a sparkling altar of Nemelex Xobeh.
  1047 | D:2      | Noticed Jessica
  1051 | D:2      | Killed Jessica
  1769 | D:3      | Reached XP level 5. HP: 40/47 MP: 5/5
  2342 | D:3      | Reached skill level 5 in Fighting
  2636 | D:4      | Found Ysuss's Book Boutique.
  2657 | D:4      | Found a sand-covered staircase.
  2671 | Ossuary  | Entered an ossuary
  2699 | Ossuary  | Reached XP level 6. HP: 20/56 MP: 6/6
  4195 | D:4      | Got a fine flail
  4506 | D:4      | Reached skill level 6 in Fighting
  4506 | D:4      | Reached XP level 7. HP: 59/63 MP: 7/7
  4989 | D:5      | Entered Level 5 of the Dungeon
  5118 | D:5      | Got a dazzling spear
  5304 | D:5      | Reached skill level 5 in Armour
  5437 | D:5      | Found a glowing silver altar of Zin.
  5594 | D:5      | Found a staircase to the Ecumenical Temple.
  5717 | D:6      | Reached skill level 7 in Fighting
  5717 | D:6      | Reached XP level 8. HP: 30/73 MP: 8/8
  5985 | D:6      | Found an ornate altar of the Wu Jian Council.
  6032 | D:6      | Got an iridescent trident
  6075 | D:6      | Noticed Prince Ribbit
  6115 | D:6      | Found a sacrificial altar of Ru.
  6493 | D:6      | Killed Prince Ribbit
  6507 | D:6      | Identified the +9 trident of Generosity {speed, +Inv} (You
                  | found it on level 6 of the Dungeon)
  6508 | D:6      | Identified the +1 spear "Wigrioqi" {antimagic, Str+2 Int+4}
                  | (You found it on level 5 of the Dungeon)
  6510 | D:6      | Identified a scroll of acquirement
  6511 | D:6      | Found the +3 crown of Dyrovepreva {rElec Int+2 SInv}
  6596 | D:6      | Reached skill level 1 in Polearms
  6873 | D:7      | Identified the +7 flail of the Jolly Scars {crush, rF-
                  | Str+3} (You found it on level 4 of the Dungeon)
  6931 | D:7      | Became a worshipper of Beogh the Brigand
  6931 | D:7      | Reached * piety under Beogh
  6931 | D:7      | Reached ** piety under Beogh
  7062 | D:7      | Reached skill level 8 in Fighting
  7215 | D:7      | Noticed Menkaure
  7218 | D:7      | Gained mutation: You have a beak for a mouth. [potion of
                  | mutation]
  7218 | D:7      | Gained mutation: Your spells are a little harder to cast,
                  | but a little more powerful. [potion of mutation]
  7218 | D:7      | Gained mutation: You are covered in fur. (AC +1) [potion of
                  | mutation]
  7237 | D:7      | Noticed Harold
  7263 | D:7      | Killed Harold
  7263 | D:7      | Reached skill level 5 in Polearms
  7263 | D:7      | Reached XP level 9. HP: 30/82 MP: 9/9
  7296 | D:7      | Killed Menkaure
  8011 | D:8      | Noticed Grum
  8018 | D:8      | Killed Grum
  8018 | D:8      | Reached skill level 9 in Fighting
  8585 | D:8      | Reached XP level 10. HP: 91/91 MP: 10/10
  8995 | D:9      | Reached skill level 10 in Fighting
  9033 | D:9      | Reached *** piety under Beogh
  9412 | D:9      | Reached skill level 10 in Polearms
  9416 | D:9      | Reached XP level 11. HP: 91/101 MP: 11/11
  9526 | D:10     | Entered Level 10 of the Dungeon
  9542 | D:10     | Noticed Gastronok
  9550 | D:10     | Reached skill level 11 in Fighting
  9566 | D:10     | Killed Gastronok
  9566 | D:10     | Reached **** piety under Beogh
  9957 | D:10     | Reached skill level 10 in Armour
  9957 | D:10     | Reached skill level 1 in Invocations
 10257 | D:10     | Gained Boderik as an ally
 10656 | D:11     | Noticed an unseen horror
 10675 | D:11     | Killed an unseen horror
 10709 | D:11     | Found Powuipsiwito's Assorted Antiques.
 10717 | D:11     | Paralysed by a hornet for 2 turns
 10878 | D:11     | Found a staircase to the Orcish Mines.
 10901 | D:11     | Noticed a two-headed ogre
 10914 | D:11     | Killed a two-headed ogre
 10916 | D:11     | Your ally Boderik died
 11020 | D:11     | Reached skill level 12 in Fighting
 11045 | D:11     | Reached ***** piety under Beogh
 11045 | D:11     | Gained Milork as an ally
 11253 | D:11     | Noticed a manticore
 11261 | D:11     | Killed a manticore
 11270 | D:11     | Found a bloodstained altar of Trog.
 11419 | D:11     | Reached XP level 12. HP: 51/112 MP: 15/15
 11500 | D:11     | Reached skill level 5 in Invocations
 11557 | D:11     | Found a staircase to the Lair.
 11778 | D:12     | Found a flickering gateway to a bazaar.
 11785 | Bazaar   | Entered a bazaar
 11785 | Bazaar   | Found Gitediy's Weapon Emporium.
 11785 | Bazaar   | Found Petej's Magic Scroll Shop.
 11785 | Bazaar   | Found Liedi's Armour Shoppe.
 11785 | Bazaar   | Found Pasoent's Antique Armour Shop.
 11787 | Bazaar   | Found Ifag's Jewellery Boutique.
 11841 | Bazaar   | Bought the +6 plate armour "Rasut" {+Inv} for 603 gold
                  | pieces
 11881 | D:12     | Noticed an eight-headed hydra
 11889 | D:12     | Killed an eight-headed hydra
 12077 | D:12     | Noticed a two-headed ogre
 12087 | D:12     | Killed a two-headed ogre
 12093 | D:12     | Reached skill level 1 in Evocations
 12126 | D:12     | Found a radiant altar of Vehumet.
 12237 | D:12     | Got a pair of polished boots
 12248 | D:12     | Identified the +0 pair of boots "Etafoer" {rF++ MR+ Str+4
                  | Int-4} (You found it on level 12 of the Dungeon)
 12276 | D:12     | Noticed a two-headed ogre
 12282 | D:12     | Killed a two-headed ogre
 12640 | D:13     | Noticed a centaur warrior
 12654 | D:13     | Killed a centaur warrior
 12654 | D:13     | Gained Gorbash as an ally
 12672 | D:13     | Noticed a centaur warrior
 12684 | D:13     | Killed a centaur warrior
 12735 | D:13     | Noticed a centaur warrior
 12744 | D:13     | Killed a centaur warrior
 12781 | D:13     | Reached skill level 13 in Fighting
 13107 | D:13     | Reached XP level 13. HP: 122/122 MP: 18/18
 13180 | D:13     | Noticed a yaktaur captain
 13196 | D:13     | Killed a yaktaur captain
 13231 | D:13     | Found a gate to the Vaults.
 13453 | Lair:1   | Entered Level 1 of the Lair of Beasts
 14522 | Lair:2   | Found a transporter.
 14522 | Lair:2   | Noticed emiel's ghost (journeyman GnIE)
 14570 | Lair:2   | Found a transporter.
 15313 | D:14     | Reached ****** piety under Beogh
 15364 | D:14     | Noticed a rakshasa
 15373 | D:14     | Killed a rakshasa
 15458 | D:14     | Found an opulent altar of Gozag.
 15463 | D:14     | Found Gozag's Platinum Reserve.
 15516 | D:14     | Reached skill level 5 in Evocations
 15533 | D:14     | Gained Rocco as an ally
 15861 | D:15     | Entered Level 15 of the Dungeon
 15882 | D:15     | Noticed Azrael
 15903 | D:15     | Killed Azrael
 15920 | D:15     | Found Gisim's General Store.
 16162 | Orc:1    | Entered Level 1 of the Orcish Mines
 16177 | Orc:1    | Found a flagged portal.
 16213 | Bailey   | Entered a bailey
 16520 | Bailey   | Got a crude flail
 16621 | Orc:2    | Entered Level 2 of the Orcish Mines
 16627 | Orc:2    | Reached skill level 14 in Fighting
 17006 | Lair:3   | Gained Morbeogh as an ally
 17213 | Lair:3   | Gained Argrim as an ally
 17220 | Lair:3   | Reached XP level 14. HP: 114/132 MP: 21/21
 17242 | Lair:3   | Reached skill level 10 in Invocations
 17797 | Lair:4   | Found a dark tunnel.
 17806 | Volcano  | Entered a volcano
 18186 | Lair:4   | You fall through a shaft for 2 floors!
 18186 | Lair:6   | Entered Level 6 of the Lair of Beasts
 18319 | Lair:5   | Found a sacrificial altar of Ru.
 18385 | Lair:5   | Found a staircase to the Slime Pits.
 19787 | Lair:4   | Found a hole to the Spider Nest.
 19936 | Lair:4   | Found a staircase to the Shoals.
 20312 | Shoals:1 | Entered Level 1 of the Shoals
 20366 | Shoals:1 | Noticed Nikola
 20383 | Shoals:1 | Killed Nikola
 20385 | Shoals:1 | Your ally Morbeogh died
 20388 | Shoals:1 | Noticed Josephine
 20404 | Shoals:1 | Killed Josephine
 20789 | Shoals:1 | Got a slimy lajatang {slice}
 21352 | D:15     | Found a staircase to the Depths.
 21364 | D:15     | Found a shimmering altar of Xom.
 21452 | D:15     | Noticed a fire giant
 21457 | D:15     | Killed a fire giant
 21500 | D:15     | Found Sigi's Assorted Antiques.
 21508 | D:15     | Bought a scroll of enchant armour for 142 gold pieces
 21538 | D:15     | Found Tuiladil's Antique Armour Shoppe.
 21851 | D:15     | Bought a potion of might for 48 gold pieces
 21851 | D:15     | Bought a potion of might for 48 gold pieces
 22725 | Shoals:2 | Reached skill level 15 in Fighting
 22725 | Shoals:2 | Reached XP level 15. HP: 119/141 MP: 23/23
 22759 | Shoals:2 | Identified the +7 lajatang "Omelette" {slice, +Fly Dex+3}
                  | (You took it off a merfolk on level 1 of the Shoals)
 23295 | Shoals:3 | Noticed Polyphemus
 23318 | Shoals:3 | Killed Polyphemus
 23551 | Orc:2    | Found Salatao's Assorted Antiques.
 23563 | Orc:2    | Bought a potion of curing for 90 gold pieces
 23595 | Orc:2    | Gained mutation: You are frail. (-10% HP) [a neqoxec]
 23614 | Orc:2    | Found Ruppup's Food Shop.
 23682 | Orc:2    | Found Gammoebb's Antique Weapon Boutique.
 23682 | Orc:2    | Found Qadey's Antique Armour Shoppe.
 23682 | Orc:2    | Gained Brandogh as an ally
 23684 | Orc:2    | Found Baxu's Food Emporium.
 23686 | Orc:2    | Found Nen Beon's Antique Weapon Shop.
 23990 | Shoals:3 | Noticed Ilsuiw
 24010 | Shoals:3 | Killed Ilsuiw
 24665 | Shoals:3 | Learned a level 3 spell: Regeneration
 24668 | Shoals:3 | Learned a level 2 spell: Blink
 25674 | Orc:2    | Found a staircase to the Elven Halls.
 26131 | Lair:5   | Gained Bogward as an ally
 26144 | Lair:5   | Reached skill level 1 in Translocations
 26212 | Lair:6   | Reached skill level 1 in Spellcasting
 26799 | Lair:6   | Your ally Brandogh died
 27106 | Lair:6   | Reached XP level 16. HP: 125/135 MP: 25/25
 27529 | Lair:6   | Gained Zorug as an ally
 27632 | Lair:6   | Reached skill level 15 in Polearms
 27657 | Lair:6   | Got a jewelled dagger
 27912 | Shoals:4 | Entered Level 4 of the Shoals
 27933 | Shoals:4 | Reached skill level 16 in Fighting
 27975 | Shoals:4 | Identified the cursed +2 dagger "Simoj" {antimagic, rElec
                  | rN+} (You found it on level 6 of the Lair of Beasts)
 28111 | Shoals:4 | Got a smoking glass ring
 28163 | Shoals:4 | Got a warped rapier
 28280 | Shoals:4 | Identified the ring of the Duke {rN+ MR+ Int+3} (You found
                  | it on level 4 of the Shoals)
 28406 | Shoals:4 | Got a faintly glowing granite ring
 28407 | Shoals:4 | Identified the ring of Qerucsok {rC++ Int-4 Stlth+} (You
                  | found it on level 4 of the Shoals)
 28682 | Shoals:4 | Your ally Bogward died
 28692 | Shoals:4 | Your ally Milork died
 28712 | Shoals:4 | Got a barnacled rune of Zot
 29326 | Shoals:4 | Got a jewelled war axe
 29327 | Shoals:4 | Identified the cursed +1 war axe "Omyrph" {vamp, rElec
                  | rPois rF+} (You found it on level 4 of the Shoals)
 29425 | Spider:1 | Entered Level 1 of the Spider Nest
 29713 | Spider:1 | Gained Oreg as an ally
 30400 | Spider:2 | Reached skill level 15 in Armour
 31326 | Spider:2 | Reached XP level 17. HP: 137/143 MP: 27/27
 31728 | Spider:3 | Your ally Milork died
 31927 | Spider:4 | Entered Level 4 of the Spider Nest
 32138 | Spider:3 | Gained Bogwik as an ally
 32349 | Spider:4 | Reached skill level 5 in Translocations
 32545 | Spider:4 | Your ally Zorug died
 32647 | Spider:4 | Your ally Gorbash died
 32990 | Spider:4 | Got a gossamer rune of Zot
 33182 | Spider:4 | Found a runed door.
 33182 | Spider:4 | Found a shimmering altar of Xom.
 33182 | Spider:4 | Noticed bmj180's ghost (adept MiMo)
 33665 | Elf:1    | Entered Level 1 of the Elven Halls
 33971 | Depths:1 | Entered Level 1 of the Depths
 34229 | Depths:1 | Reached skill level 17 in Fighting
 34242 | Depths:1 | Reached skill level 5 in Spellcasting
 34253 | Depths:1 | Your ally Oreg died
 34272 | Depths:1 | Your ally Rocco died
 34577 | Depths:1 | Found a gateway to Hell.
 34715 | Depths:1 | Reached skill level 15 in Invocations
 35341 | Depths:2 | Reached XP level 18. HP: 67/153 MP: 29/29
 35360 | Depths:2 | Your ally Oreg died
 36152 | Depths:2 | Gained Berold as an ally
 36481 | Depths:2 | Found a one-way gate leading to the halls of Pandemonium.
 36510 | Depths:2 | Reached skill level 5 in Dodging
 37951 | Depths:3 | Found a corrupted altar of Lugonu.
 37951 | Depths:3 | Found a one-way gate to the infinite horrors of the Abyss.
 38452 | Depths:3 | Reached XP level 19. HP: 115/160 MP: 24/30
 38752 | Depths:3 | Your ally Zorug died
 38943 | Depths:3 | Noticed a golden dragon
 38951 | Depths:3 | Killed a golden dragon
 39059 | Depths:3 | Found the +9 heavy crossbow "Sniper" {velocity, Acc+∞ SInv}
 39773 | Depths:4 | Got a sparkling amber ring
 39775 | Depths:4 | Identified the ring of Existentialism {rC- MR+ Str+4 Int+6}
                  | (You acquired it on level 4 of the Depths)
 39848 | Depths:4 | Learned a level 2 spell: Swiftness
 39956 | Depths:4 | Your ally Bogwik died
 40216 | Depths:4 | Reached skill level 18 in Fighting
 40260 | Depths:4 | Found a runed door.
 40269 | Depths:4 | Noticed an ancient lich
 40312 | Depths:4 | Found a runed door.
 40326 | Depths:4 | Noticed an ancient lich
 41001 | Depths:4 | Voluntarily entered the Abyss.
 41001 | Abyss:1  | Found a corrupted altar of Lugonu.
 41171 | Abyss:1  | Paralysed by accursed screaming for 1 turns
 41348 | Abyss:1  | Noticed a lich
 41375 | Abyss:1  | Paralysed by accursed screaming for 1 turns
 41378 | Abyss:1  | Paralysed by accursed screaming for 2 turns
 41386 | Abyss:1  | Paralysed by accursed screaming for 2 turns
 41405 | Abyss:1  | Noticed a bone dragon
 41443 | Abyss:2  | Found a corrupted altar of Lugonu.
 41839 | Abyss:4  | Paralysed by accursed screaming for 1 turns
 41997 | Abyss:4  | HP: 12/241 [guardian serpent (3)]
 41997 | Abyss:4  | HP: 2/241 [sun demon (10)]
 41997 | Abyss:4  | Slain by a sun demon

Skill      XL: |  1  2  3  4  5  6  7  8  9 10 11 12 13 14 15 16 17 18 19 |
---------------+----------------------------------------------------------+-----
Armour         | 1 2 3 4 5 7 8 9 10 11 12 13 14 15 16 | 16.6
Fighting       | 4 5 6 7 8 9 10 12 13 14 15 16 17 18 | 18.1
Axes           | 5 6 7 8 |  8.5
Polearms       | 5 7 10 11 12 13 14 15 16 17 | 17.0
Invocations    | 4 7 9 11 13 14 15 16 | 16.4
Stealth        | 2 |  2.3
Evocations     | 3 6 7 9 |  9.0
Translocations | 2 4 5 6 7 |  7.8
Spellcasting   | 1 3 5 6 7 |  7.0
Dodging        | 3 6 8 |  8.1

Action                   |  1- 3 |  4- 6 |  7- 9 | 10-12 | 13-15 | 16-18 | 19-21 || total
-------------------------+-------+-------+-------+-------+-------+-------+-------++-------
Melee: Hand axe          |   142 |   362 |       |       |       |       |       ||   504
       War axe           |       |    19 |   173 |       |       |       |       ||   192
       Trident           |       |       |   103 |   498 |   857 |  1009 |   567 ||  3034
       Peck              |       |       |    25 |    94 |   246 |   288 |   168 ||   821
Throw: Tomahawk          |       |       |       |       |       |     9 |       ||     9
 Cast: Blink             |       |       |       |       |       |     9 |       ||     9
Invok: Convert to Beogh  |       |       |     1 |       |       |       |       ||     1
       Give Item to Name |       |       |       |     2 |     5 |     4 |       ||    11
       Recall Orcish Fol |       |       |       |       |    16 |    15 |     3 ||    34
       Resurrection      |       |       |       |       |     3 |     4 |       ||     7
       Smiting           |       |       |       |       |       |    22 |    15 ||    37
Evoke: Wand              |       |       |     1 |       |    17 |    52 |     1 ||    71
  Use: Potion            |     1 |     1 |     7 |       |     6 |    16 |     5 ||    36
       Scroll            |       |     8 |     9 |    10 |    17 |    26 |     7 ||    77
 Stab: Sleeping          |     1 |     2 |       |       |       |       |       ||     3
       Paralysed         |       |       |       |     5 |     2 |     7 |       ||    14
       Distracted        |       |       |       |     6 |     2 |     9 |     2 ||    19
  Eat: Chunk             |       |    12 |    20 |    12 |    24 |     6 |     1 ||    75
       Ration            |       |     1 |       |       |     4 |     9 |     4 ||    18
Armor: Robe              |    15 |       |       |       |       |       |       ||    15
       Ring mail         |    29 |    88 |       |       |       |       |       ||   117
       Plate armour      |       |    14 |   131 |   264 |   649 |   682 |   243 ||  1983
       Skin              |       |       |     7 |       |       |       |       ||     7
Dodge: Dodged            |   110 |   171 |    62 |   138 |   339 |   399 |   184 ||  1403
